AoeStats
← _WizarD_

Arena

509768620Analyzed
4v4 RM · 4d ago on Sep 27, 2026· 37m 31s· 8 players
Game mode
Random Map
Map size
Large (8 player)
Population
200
Speed
Normal
Resources
Standard
Victory
Conquest
Starting age
Dark Age
Ending age
Imperial Age
RankedLock teamsTeams togetherTeam positionsShared explorationLock speedFull tech treeHidden civsTurbo modeCheats
Victory
Defeat
🇺🇸 Cumans · United States
1507
+15
🇺🇸 Mongols · United States
1502
+15
🇺🇸 Huns · United States
1419
+17
🇲🇽 Spanish · Mexico
1414
+18
🇧🇷 Teutons · Brazil
1492
-17
🇲🇽 Persians · Mexico
1479
-17
🇨🇴 Romans · Colombia
1469
-16
🇲🇽 Turks · Mexico
1440
-15
FiveQuill1
10:36 Feudal Age
14:49 Castle Age
13:08 Double-Bit Axe
13:05 Horse Collar
15:55 Bow Saw
22:14 Loom
22:15 Town Watch
23:51 Wheelbarrow
23:40 Masonry
24:04 Gold Mining
27:01 Hand Cart
29:54 Imperial Age
27:50 Scale Barding Armor
29:20 Chain Barding Armor
29:11 Forging
29:19 Bloodlines
29:10 Husbandry
30:37 Iron Casting
29:38 Elite War Elephant
31:31 Plate Barding Armor
32:52 Blast Furnace
32:38 Architecture
32:49 Gold Shaft Mining
32:46 Light Cavalry
33:01 Heavy Camel Rider
35:04 Conscription
35:38 Fletching
36:16 Parthian Tactics
35:13 Crossbowman
35:53 Murder Holes
36:25 Bodkin Arrow
ferbon98
10:11 Feudal Age
14:47 Castle Age
13:15 Double-Bit Axe
13:11 Horse Collar
16:37 Bow Saw
17:24 Loom
21:09 Fletching
Sebastianquijanog
10:05 Feudal Age
14:00 Castle Age
12:30 Double-Bit Axe
13:01 Horse Collar
19:26 Loom
24:01 Scale Mail Armor
24:34 Bow Saw
26:34 Ballistics
26:51 Pikeman
28:26 Wheelbarrow
27:56 Gold Mining
28:08 Heavy Plow
31:17 Imperial Age
30:31 Chain Mail Armor
31:34 Capped Ram
31:52 Halberdier
32:35 Squires
35:10 Chemistry
34:16 Siege Engineers
33:35 Heavy Scorpion
35:38 Ballistas
35:46 Siege Ram
37:50 Forging
Tylenol
10:58 Feudal Age
14:41 Castle Age
12:42 Double-Bit Axe
12:39 Horse Collar
20:38 Bow Saw
20:35 Heavy Plow
21:26 Wheelbarrow
21:43 Gold Mining
23:07 Hand Cart
23:17 Fletching
23:13 Loom
28:17 Imperial Age
26:43 Scale Barding Armor
26:43 Stone Mining
27:47 Bloodlines
28:32 Chain Barding Armor
28:19 Cavalier
29:48 Plate Barding Armor
30:22 Two-Man Saw
31:03 Forging
32:26 Iron Casting
32:06 Town Watch
34:10 Crop Rotation
35:51 Blast Furnace
35:06 Paladin
36:53 Blast Furnace
not sure
8:24 Feudal Age
10:22 Double-Bit Axe
10:49 Horse Collar
17:34 Wheelbarrow
19:20 Castle Age
18:01 Scale Barding Armor
19:07 Forging
20:01 Bloodlines
19:59 Gold Mining
20:40 Bow Saw
20:54 Chain Barding Armor
21:25 Light Cavalry
21:32 Capped Ram
26:09 Hand Cart
28:03 Gold Shaft Mining
27:19 Stone Mining
30:44 Imperial Age
28:01 Loom
29:14 Iron Casting
28:40 Scale Mail Armor
28:11 Pikeman
28:51 Squires
29:31 Arson
30:48 Halberdier
31:52 Chain Mail Armor
32:40 Blast Furnace
32:15 Plate Barding Armor
33:07 Plate Mail Armor
33:13 Plate Barding Armor
34:24 Heavy Plow
33:50 Cavalier
35:19 Siege Ram
[um] The Inland taipan
10:06 Feudal Age
13:39 Castle Age
13:38 Double-Bit Axe
14:34 Fletching
26:20 Bow Saw
28:45 Horse Collar
30:23 Wheelbarrow
32:10 Hand Cart
36:59 Imperial Age
36:11 Bodkin Arrow
36:16 Padded Archer Armor
36:59 Ballistics
36:45 Gold Mining
36:46 Stone Mining
37:09 Elite Mangudai
38:06 Bracer
MEX_Angel_Tj
10:29 Feudal Age
12:13 Loom
14:46 Castle Age
14:02 Wheelbarrow
13:56 Horse Collar
15:19 Double-Bit Axe
23:19 Padded Archer Armor
25:07 Husbandry
26:45 Town Watch
27:13 Bloodlines
28:39 Bow Saw
29:18 Gold Mining
31:04 Leather Archer Armor
34:09 Fletching
38:41 Imperial Age
_WizarD_
9:28 Loom
12:01 Feudal Age
14:45 Wheelbarrow
14:01 Double-Bit Axe
13:59 Horse Collar
17:15 Castle Age
15:10 Gold Mining
18:30 Bow Saw
18:22 Heavy Plow
29:28 Imperial Age
27:24 Scale Barding Armor
27:29 Forging
27:13 Stone Mining
28:20 Gold Shaft Mining
28:46 Chain Barding Armor
29:29 Bloodlines
30:07 Iron Casting
29:54 Husbandry
29:29 Cavalier
31:16 Plate Barding Armor
32:34 Two-Man Saw
30:58 Paladin
33:37 Blast Furnace
35:28 Hand Cart
35:03 Town Watch
Connection lost

Rejoining the realm…

Still unreachable

The connection could not be restored.

Session expired

The server has moved on; the page needs a fresh start.